 Dungeon Crawl Stone Soup version 0.28-a0-519-gbfeecf2fc5 (webtiles) character file.

Game seed: 4634119784719737133

3187 varam the Frost Mage (level 9, -13/65 HPs)
             Began as a Demonspawn Ice Elementalist on Sept 22, 2021.
             Was an Elder of Cheibriados.
             Mangled by a rakshasa (15 damage)
             ... on level 8 of the Dungeon on Sept 23, 2021.
             The game lasted 00:40:07 (10225 turns).

varam the Frost Mage (Demonspawn Ice Elementalist) Turns: 10225, Time: 00:40:07

Health: -13/65     AC: 16    Str: 17    XL:     9   Next: 64%
Magic:  9/15       EV: 13    Int: 29    God:    Cheibriados [****..]
Gold:   359        SH:  0    Dex: 23    Spells: 6/17 levels left

rFire   . . .      SeeInvis .   v - +3 spear
rCold   . . .      Faith    .   (no shield)
rNeg    . . .      Spirit   .   b - +2 robe {Will+}
rPois   .          Reflect  .   (helmet restricted)
rElec   .          Harm     .   l - scarf {shadows}
rCorr   .          Rampage  .   (no gloves)
Will    +....                   (no boots)
Stlth   ++........              (no amulet)
HPRegen 0.20/turn               (no ring)
MPRegen 0.14/turn               (no ring)

@: ice-armoured, freezing walls, very slow
A: antennae 2, icy blue scales 2, demonic guardian 2, demonic magic 1
a: Renounce Religion, Bend Time, Temporal Distortion, Slouch


You were on level 8 of the Dungeon.
You worshipped Cheibriados.
Cheibriados was greatly pleased with you.
You visited 1 branch of the dungeon, and saw 8 of its levels.

You collected 359 gold pieces.

Inventory:

Hand Weapons
 c - a +0 club
   (You took it off a goblin on level 1 of the Dungeon)
 g - a +2 short sword of venom
   (You took it off a kobold on level 1 of the Dungeon)
 j - a +2 falchion of draining
   (You took it off an orc on level 2 of the Dungeon)
 k - a +1 dagger of venom
   (You took it off a goblin on level 4 of the Dungeon)
 u - a +0 hand axe of venom
   (You took it off an orc priest on level 6 of the Dungeon)
 v - a +3 spear (weapon)
   (You took it off a gnoll on level 7 of the Dungeon)
Missiles
 i - 2 silver boomerangs
 s - 91 stones (quivered)
 A - 15 poisoned darts
Armour
 a - a +0 robe
 b - a +2 robe of willpower (worn)
   (You took it off Sigmund on level 5 of the Dungeon)
 l - a scarf of shadows (worn)
   (You found it on level 3 of the Dungeon)
Wands
 t - a wand of flame (16)
   (You found it on level 5 of the Dungeon)
 w - a wand of polymorph (9)
   (You took it off Maurice on level 8 of the Dungeon)
 y - a wand of paralysis (6)
   (You found it on level 7 of the Dungeon)
Scrolls
 d - a scroll of immolation {unknown}
 f - a scroll of blinking {unknown}
 m - 4 scrolls of enchant weapon
 n - 3 scrolls of summoning
 o - 2 scrolls of magic mapping
 p - 2 scrolls of amnesia {unknown}
 r - a scroll of identify
 x - a scroll of enchant armour {unknown}
 z - a scroll of vulnerability {unknown}
Potions
 e - a potion of cancellation
 h - 3 potions of brilliance
 q - 2 potions of curing


   Skills:
 - Level 4.3 Fighting
 - Level 1.5 Long Blades
 + Level 1.3 Polearms
 - Level 1.5 Armour
 - Level 2.5 Dodging
 - Level 1.7 Stealth
 - Level 4.5 Spellcasting
 + Level 5.8 Conjurations
 * Level 9.0 Ice Magic
 + Level 4.2 Invocations


You had 6 spell levels left.
You knew the following spells:

 Your Spells              Type           Power      Damage    Failure   Level
a - Freeze                Ice            100%       1d11      1%          1
b - Frozen Ramparts       Ice            100%       1d12      1%          3
c - Ozocubu's Armour      Ice            56%        N/A       1%          3
d - Hailstorm             Conj/Ice       49%        3d11      3%          4

Your spell library contained the following spells:

 Spells                   Type           Power      Damage    Failure   Level
 Slow                     Hex            6%         N/A       10%         2
 Confusing Touch          Hex            6%         N/A       21%         3
 Vampiric Draining        Necr           3%         2d6       21%         3


Dungeon Overview and Level Annotations

Branches:
Dungeon (8/15)             Temple (0/1) D:5            Lair (0/6) D:8

Altars:
Cheibriados
Dithmenos
Kikubaaqudgha
Makhleb
Trog
Zin
The Shining One

Shops:
D:1 *   D:5 :

Annotations:
D:8 Erica


Innate Abilities, Weirdness & Mutations

You have a pair of antennae on your head.
You are mostly covered in icy blue scales. (AC +3)
A demonic guardian rushes to your aid.
Spells you cast may paralyse adjacent enemies.


Message History

Casting: Frozen Ramparts (safe; 1% risk of failure)
Press: ? - help, Dir - look around, f - activate The walls around you are covered in ice.
Malevolent energies surge around you.
The wall freezes the rakshasa!
The rakshasa hits you with a +1 long sword of protection!
Casting: Frozen Ramparts (safe; 1% risk of failure)
Confirm with . or Enter, or press ? or * to list all spells.
A film of ice covers your body! Malevolent energies surge around you.
The wall freezes the rakshasa!
The rakshasa hits you with a +1 long sword of protection!
* * * LOW HITPOINT WARNING * * *
Casting: Ozocubu's Armour (safe; 1% risk of failure)
Confirm with . or Enter, or press ? or * to list all spells.
You can't see any susceptible monsters within range! (Use Z to cast anyway.) Unknown command.
You closely miss the rakshasa.
The rakshasa is moderately wounded.
The wall freezes the rakshasa!
The rakshasa hits you with a +1 long sword of protection!
* * * LOW HITPOINT WARNING * * *
A demonic guardian appears!
Your icy armour and frozen ramparts will break if you move.
Continue?
Okay, then.
You closely miss the rakshasa.
The rakshasa is heavily wounded.
The wall freezes the rakshasa!
The rakshasa hits you with a +1 long sword of protection.
* * * LOW HITPOINT WARNING * * *
The injured rakshasa weaves a defensive illusion!
Your hellwing barely misses the rakshasa.
Your hellwing hits the rakshasa but does no damage.
You hit the rakshasa but do no damage.
The rakshasa is heavily wounded.
The rakshasa closely misses you.
The wall freezes the rakshasa!
The rakshasa hits you but does no damage.
Your hellwing hits the rakshasa. x2
You hit the rakshasa but do no damage.
The rakshasa is almost dead.
The rakshasa hits you with a +1 long sword of protection!
You die...

#...§.... #.@.§...
########### #....§..
......).).# .....Y..D.
.....####)# ..........
....†..##)# ..........
........#)############
.####.....
........).......R....#
######
..>............R@#.{....
.........#.....R.+......
P....(..##....4..#.....@
.......####....###..####
.....### ##....####'##
.## ###.....#.....+
........#.....#
###.....'.....#
#.#....#.....#


You could see 3 rakshasas and a friendly hellwing (summoned).

Vanquished Creatures
  Maurice (D:8)
  Menkaure (D:4)
  2 water moccasins (D:7)
  2 ice beasts (D:7)
  2 orc warriors
  An ogre (D:4)
  A necrophage (D:7)
  A centaur (D:6)
  A kobold brigand (D:8)
  A bullfrog (D:4)
  A wyvern zombie (D:7)
  3 scorpions
  A water moccasin skeleton (D:4)
  5 hounds
  A jelly (D:7)
  4 orc priests
  A centaur skeleton (D:4)
  2 gnoll shamans
  3 iguanas
  3 orc wizards (D:8)
  A hound skeleton (D:5)
  A howler monkey skeleton (D:7)
  6 adders
  10 gnolls
  A shadow imp (D:6)
  A white imp (D:5)
  3 dart slugs
  21 orcs
  11 ball pythons
  7 endoplasms
  3 giant cockroaches
  10 goblins
  6 hobgoblins
  5 jackals (D:1)
  16 kobolds
  3 quokkas
  2 bats
  6 frilled lizards
  2 rats
152 creatures vanquished.

Vanquished Creatures (collateral kills)
  Sigmund (D:5)
  2 wargs (D:8)
  An ice beast (D:7)
  A phantom (D:5)
  A scorpion (D:3)
  A howler monkey skeleton (D:4)
  A gnoll (D:4)
  An orc (D:2)
  2 jackals (D:1)
  A kobold (D:1)
12 creatures vanquished.

Vanquished Creatures (others)
  39 plants (D:1)
39 creatures vanquished.

Grand Total: 203 creatures vanquished

Notes
Turn   | Place    | Note
-------+----------+-------------------------------------------
     0 | D:1      | varam the Demonspawn Ice Elementalist began the quest for
                  | the Orb.
     0 | D:1      | Reached XP level 1. HP: 13/13 MP: 3/3
   464 | D:1      | Gained mutation: A weak demonic guardian rushes to your
                  | aid. [demonic ancestry]
   464 | D:1      | Reached XP level 2. HP: 19/19 MP: 1/5
   643 | D:1      | Reached skill level 4 in Ice Magic
  1434 | D:1      | Gained mutation: You have a pair of small antennae on your
                  | head. [demonic ancestry]
  1434 | D:1      | Reached XP level 3. HP: 22/24 MP: 2/7
  1438 | D:1      | Learned a level 3 spell: Frozen Ramparts
  1525 | D:1      | Found Teineogh's General Store.
  1534 | D:1      | Upgraded the game from 0.28-a0-514-g0d7ab7f379 to
                  | 0.28-a0-519-gbfeecf2fc5
  2091 | D:2      | Gained mutation: A demonic guardian rushes to your aid.
                  | [demonic ancestry]
  2091 | D:2      | Reached XP level 4. HP: 25/30 MP: 4/8
  3110 | D:2      | Learned a level 3 spell: Ozocubu's Armour
  3169 | D:3      | Noticed a scorpion
  3183 | D:3      | Killed a scorpion
  3184 | D:3      | Reached skill level 5 in Ice Magic
  3184 | D:3      | Gained mutation: You are partially covered in icy blue
                  | scales. (AC +2) [demonic ancestry]
  3184 | D:3      | Reached XP level 5. HP: 17/35 MP: 4/10
  3677 | D:3      | Found a snail-covered altar of Cheibriados.
  3695 | D:3      | Became a worshipper of Cheibriados the Contemplative
  4334 | D:4      | Noticed Menkaure
  4346 | D:4      | Killed Menkaure
  4347 | D:4      | Reached skill level 6 in Ice Magic
  4347 | D:4      | Gained mutation: You have a pair of antennae on your head.
                  | [demonic ancestry]
  4347 | D:4      | Reached XP level 6. HP: 33/41 MP: 6/12
  4352 | D:4      | Learned a level 4 spell: Hailstorm
  4526 | D:4      | Reached skill level 1 in Conjurations
  4627 | D:4      | Reached * piety under Cheibriados
  4910 | D:4      | Gained mutation: You are mostly covered in icy blue scales.
                  | (AC +3) [demonic ancestry]
  4910 | D:4      | Reached XP level 7. HP: 24/46 MP: 10/13
  5287 | D:5      | Entered Level 5 of the Dungeon
  5295 | D:5      | Found a bloodstained altar of Trog.
  5338 | D:5      | Found a shadowy altar of Dithmenos.
  5344 | D:5      | Found a burning altar of Makhleb.
  5395 | D:5      | Reached skill level 1 in Fighting
  5850 | D:5      | Noticed Sigmund
  5859 | D:5      | Found a staircase to the Ecumenical Temple.
  6601 | D:5      | Reached ** piety under Cheibriados
  6717 | D:5      | Reached XP level 8. HP: 55/58 MP: 7/14
  6791 | D:5      | Found Nohi's Book Shop.
  7062 | D:5      | Killed Sigmund
  7063 | D:5      | Reached skill level 7 in Ice Magic
  7981 | D:7      | Reached skill level 1 in Armour
  8255 | D:7      | Reached *** piety under Cheibriados
  8380 | D:7      | Reached skill level 1 in Invocations
  8513 | D:7      | Found an ancient bone altar of Kikubaaqudgha.
  8654 | D:7      | Gained mutation: Spells you cast may paralyse adjacent
                  | enemies. [demonic ancestry]
  8654 | D:7      | Reached XP level 9. HP: 46/65 MP: 11/15
  9033 | D:7      | Reached skill level 5 in Conjurations
  9033 | D:7      | Reached skill level 8 in Ice Magic
  9735 | D:8      | Noticed Maurice
  9735 | D:8      | Noticed Erica
  9867 | D:8      | Noticed a rakshasa
  9869 | D:8      | Noticed a meliai
  9890 | D:8      | Reached skill level 1 in Long Blades
  9892 | D:8      | Reached **** piety under Cheibriados
 10003 | D:8      | Found a staircase to the Lair.
 10039 | D:8      | Killed Maurice
 10040 | D:8      | Reached skill level 1 in Polearms
 10040 | D:8      | Reached skill level 9 in Ice Magic
 10223 | D:8      | HP: 1/65 [rakshasa (4)]
 10225 | D:8      | Mangled by a rakshasa

Illustrated notes

Levels and vault maps discovered:
D:1:      tarquinn_simple_flora_water_e, layout_basic, serial_shops, shop,
          serial_bayou_lagoon_a, hangedman_decor_points
D:2:      cheibrodos_pilgrimage, layout_loops_corners
D:3:      layout_loops_ring, cheibriados_altar_1
D:4:      layout_loops_cross, kennysheep_crisscross, uniq_menkaure
D:5:      layout_gridville, mainiacjoe_overflow_chevrons,
          grunt_temple_overflow_cloverleaf, temple_fountains, serial_shops,
          nicolae_shop_behind_doors, uniq_sigmund
D:6:      layout_basic
D:7:      layout_basic, nicolae_kikubaaqudgha_miasma_corner
D:8:      layout_gridville, grunt_gozag_statues, erik_lair_orcish_takeover,
          enter_bailey_2, chequers_arboretum, minmay_diamond_spiral,
          uniq_maurice, uniq_erica

Skill      XL: |  1  2  3  4  5  6  7  8  9 |
---------------+----------------------------+-----
Ice Magic      | 4 5 6 7 9 |  9.0
Spellcasting   | 3 4 |  4.5
Conjurations   | 1 3 4 5 |  5.8
Fighting       | 3 4 |  4.3
Dodging        | 2 |  2.5
Armour         | 1 |  1.5
Invocations    | 1 4 |  4.2
Long Blades    | 1 |  1.5
Polearms       | 1 |  1.3
Stealth        | |  1.7

Action                   |  1- 3 |  4- 6 |  7- 9 || total
-------------------------+-------+-------+-------++-------
Melee: Unarmed           |     1 |       |       ||     1
       Club              |    10 |       |       ||    10
       Short sword       |    15 |    93 |   155 ||   263
       Spear             |       |       |    31 ||    31
       Falchion          |       |       |    12 ||    12
Throw: Boomerang         |       |     8 |     2 ||    10
       Stone             |       |       |     6 ||     6
 Cast: Freeze            |    43 |    36 |    25 ||   104
       Frozen Ramparts   |       |     3 |    35 ||    38
       Ozocubu's Armour  |       |       |     8 ||     8
       Hailstorm         |       |       |     5 ||     5
Evoke: Wand              |       |       |     1 ||     1
  Use: Scroll            |       |       |     7 ||     7
       Potion            |       |       |     3 ||     3
 Stab: Sleeping          |     1 |     8 |     2 ||    11
       Paralysed         |       |       |     7 ||     7
Armor: Robe              |    17 |    30 |    63 ||   110
Dodge: Dodged            |    39 |    80 |   128 ||   247

Table legend: (Time is in decaauts)
 A = Elapsed time spent in this place.
 B = Non-inter-level travel time spent in this place.
 C = Inter-level travel time spent in this place.
 D = Time resting spent in this place.
 E = Time spent auto-exploring this place.
 F = Levels seen in this place.
 G = Mean time per level.
                   A        B        C        D        E       F      G
               +--------+--------+--------+--------+--------+-----+--------+
         Total |  11682 |  11400 |    282 |   2378 |   6513 |   8 | 1460.2 |
       Dungeon |  11682 |  11400 |    282 |   2378 |   6513 |   8 | 1460.2 |
               +--------+--------+--------+--------+--------+-----+--------+

Top non-repeatable levels by time:
     D:7: 2727 daAuts
     D:5: 2145 daAuts
     D:1: 1965 daAuts
     D:4: 1421 daAuts
     D:2: 1164 daAuts
     D:3: 1039 daAuts
     D:6: 696 daAuts
     D:8: 521 daAuts
